 Dungeon Crawl Stone Soup version 0.18-a0-1551-g40744a8 (webtiles) character file.

14918 dvd the Thaumaturge (level 11, -4/57 HPs)
             Began as a Deep Elf Fire Elementalist on Mar 11, 2016.
             Was a High Priest of Vehumet.
             Slain by a vampire mosquito (5 damage)
             ... on level 3 of the Lair of Beasts.
             The game lasted 00:56:28 (12776 turns).

dvd the Thaumaturge (Deep Elf Fire Elementalist)   Turns: 12776, Time: 00:56:31

Health: -4/57      AC: 12    Str:  5    XL:     11   Next: 95%
Magic:  12/30      EV: 15    Int: 24    God:    Vehumet [*****.]
Gold:   584        SH:  0    Dex: 15    Spells: 7 memorised, 15 levels left

rFire  . . .     SeeInvis .     w - +6 dagger (venom)
rCold  + . .     Gourm    .     x - +3 leather armour
rNeg   . . .     Faith    .     (no shield)
rPois  .         Spirit   .     y - +2 hat
rElec  .         Dismiss  .     j - +0 cloak
rCorr  .         Reflect  .     D - +2 pair of gloves
SustAt .         Harm     .     (no boots)
MR     ++...                    h - amulet of regeneration
Stlth  +++.......               m - ring of protection from cold
                                u - ring of protection from magic

@: very slightly contaminated, very resistant to hostile enchantments, fairly
stealthy
A: no striking features
a: Renounce Religion


You were on level 3 of the Lair of Beasts.
You worshipped Vehumet.
Vehumet was extremely pleased with you.
You were not hungry.

You visited 3 branches of the dungeon, and saw 12 of its levels.

You collected 680 gold pieces.
You spent 96 gold pieces at shops.

Inventory:

Hand Weapons
 v - a +2 trident of piercing
 w - a +6 dagger of venom (weapon)
Armour
 j - a +0 cloak (worn)
 x - a +3 leather armour (worn)
 y - a +2 hat (worn)
 D - a +2 pair of gloves (worn)
Rods
 B - a +0 rod of shadows (12/12)
   (You found it on level 5 of the Dungeon)
Jewellery
 f - an uncursed amulet of the gourmand
 h - an amulet of regeneration (around neck)
 i - an uncursed ring of positive energy
 k - an uncursed amulet of dismissal
 m - a ring of protection from cold (right hand)
 n - an uncursed ring of teleportation
 r - an uncursed ring of flight
 u - a ring of protection from magic (left hand)
 J - an uncursed ring of protection from cold
 K - an uncursed ring of protection from magic
Wands
 E - a wand of flame (11/48)
 F - a wand of lightning (6/15)
 I - a wand of paralysis (14/24)
 L - a wand of paralysis (17/24)
 M - a wand of lightning (7/15)
Scrolls
 a - 7 scrolls of remove curse
 e - a scroll of recharging
 l - a scroll of blinking
 o - a scroll of teleportation
 q - 4 scrolls of identify
 H - a scroll of amnesia
Potions
 p - a potion of haste
 z - a potion of might
 C - 2 potions of flight
 G - 2 potions of brilliance
 N - 3 potions of curing
Books
 b - a book of Flames

   Spells                             Type                      Level
   a - Flame Tongue                   Conjuration/Fire             1
   b - Throw Flame                    Conjuration/Fire             2
   c - Conjure Flame                  Conjuration/Fire             3
   d - Inner Flame                    Hexes/Fire                   3
   e - Sticky Flame                   Conjuration/Fire             4
   f - Fireball                       Conjuration/Fire             5
 s - Vehumet's Handbook of Attacks
   (You found it on level 3 of the Dungeon)

   Spells                             Type                      Level
   a - Magic Dart                     Conjuration                  1
Comestibles
 c - 4 bread rations
 d - 2 royal jellies
 g - 5 chunks of flesh
 A - 3 meat rations


   Skills:
 + Level 2.3 Fighting
 + Level 2.0 Short Blades
 + Level 3.4 Armour
 + Level 7.6 Dodging
 + Level 4.8 Stealth
 + Level 13.8 Spellcasting
 + Level 10.5 Conjurations
 + Level 2.2 Translocations
 + Level 9.8 Fire Magic
 + Level 3.6 Air Magic
 + Level 1.2 Evocations


You had 15 spell levels left.
You knew the following spells:

 Your Spells              Type           Power        Failure   Level  Hunger
a - Flame Tongue          Conj/Fire      #####        1%          1    None
b - Throw Flame           Conj/Fire      ######       1%          2    None
c - Sticky Flame          Conj/Fire      ######..     1%          4    None
e - Shock                 Conj/Air       ####         1%          1    None
f - Fireball              Conj/Fire      ######....   1%          5    ###....
g - Force Lance           Conj/Tloc      #####...     1%          4    None
h - Lightning Bolt        Conj/Air       ######....   2%          5    ###....


Dungeon Overview and Level Annotations

Branches:
Dungeon (8/15)             Temple (1/1) D:5            Lair (3/8) D:8
  Swamp (0/4) Lair:3
  Snake: Lair:3-6    Spider: Lair:3-6

Altars:
Ashenzari
Cheibriados
Dithmenos
Fedhas
Gozag
Kikubaaqudgha
Makhleb
Okawaru
Pakellas
Ru
Sif Muna
Trog
Vehumet
Xom
Yredelemnul
Zin
The Shining One

Shops:
D:5 (   D:8 *


Message History

Unknown command.
The vampire mosquito burns!
The vampire mosquito misses you.
Casting: Sticky Flame
Confirm with . or Enter, or press ? or * to list all spells.
Aiming: Sticky Flame
Press: ? - help, Shift-Dir - straight line, f - vampire mosquito, p - vampire mosquito
Aim: a vampire mosquito The sticky flame hits the vampire mosquito.
The vampire mosquito is moderately damaged.
The vampire mosquito is covered in liquid flames!
The vampire mosquito burns!
You destroy the vampire mosquito!
Vehumet accepts your kill.
You feel your power returning.
The vampire mosquito burns!
The vampire mosquito bites you!
* * * LOW HITPOINT WARNING * * *
The vampire mosquito draws strength from your injuries!
The vampire mosquito buzzes angrily.
The vampire mosquito bites you.
You die...

#.P.....P...##.#
#.......#....#.#
###P##P..#.....##
#.####P.........## . ..
#.###...........##..
...######..................
...........................
..............##y.P....P##
..............##@PP.....#
............P###yP....###
..##P............P....##
....P..................#
.....................###
.....#...............#
.....##..............#
....................##
....................#


You could see 2 vampire mosquitoes.

Vanquished Creatures
  Pikel (D:5)
  A hill giant (D:7)
  3 spiny frogs (Lair:1)
  A rime drake (Lair:3)
  5 komodo dragons
  10 blink frogs
  13 yaks
  A hungry ghost (D:8)
  4 hippogriffs
  3 vampire mosquitoes (Lair:3)
  2 basilisks
  Menkaure (D:7)
  7 water moccasins
  4 porcupines
  2 sky beasts
  A black bear (D:6)
  2 phantoms
  6 ogres
  5 necrophages (Lair:2)
  6 centaurs
  4 crocodiles
  3 big kobolds (D:5)
  8 giant frogs
  A scorpion (D:7)
  18 wights
  2 howler monkeys
  2 jellies (D:7)
  A gnoll shaman (D:4)
  A giant frog skeleton (D:4)
  5 hounds
  5 orc wizards
  6 orc priests
  2 centaur skeletons
  An iguana (Lair:1)
  4 worker ants
  4 sheep (Lair:1)
  2 hound skeletons (D:8)
  15 gnolls
  9 adders
  31 river rats
  2 shadow imps
  2 oozes
  An adder skeleton (D:5)
  An adder zombie (D:5)
  A worm (D:2)
  A dart slug (D:1)
  2 giant geckos
  23 orcs
  A ball python (D:1)
  10 giant cockroaches
  27 goblins
  35 hobgoblins
  16 jackals
  A quokka (D:6)
  6 bats
  6 giant newts
  6 kobolds
  2 quokka skeletons (D:5)
  5 rats
350 creatures vanquished.

Vanquished Creatures (others)
  A hobgoblin (D:5)
  A kobold (D:5)
  7 fungi (Lair:1)
  3 plants
12 creatures vanquished.

Grand Total: 362 creatures vanquished

Notes
Turn   | Place    | Note
--------------------------------------------------------------
     0 | D:1      | dvd the Deep Elf Fire Elementalist began the quest for the Orb.
     0 | D:1      | Reached XP level 1. HP: 10/10 MP: 6/6
   137 | D:1      | Reached XP level 2. HP: 15/15 MP: 6/8
   149 | D:1      | Learned a level 2 spell: Throw Flame
   866 | D:2      | Reached XP level 3. HP: 17/19 MP: 4/9
  1041 | D:2      | Found a burning altar of Makhleb.
  1041 | D:2      | Found a glowing silver altar of Zin.
  1042 | D:2      | Noticed an angel
  1042 | D:2      | Noticed a balrug
  1223 | D:2      | Found an oddly glowing altar of Pakellas.
  1468 | D:2      | Reached XP level 4. HP: 22/24 MP: 3/11
  1536 | D:2      | Learned a level 4 spell: Sticky Flame
  1796 | D:3      | Found a deep blue altar of Sif Muna.
  1801 | D:3      | Found an ancient bone altar of Kikubaaqudgha.
  1801 | D:3      | Found a radiant altar of Vehumet.
  1808 | D:3      | Identified Vehumet's Handbook of Attacks (You found it on level 3 of the Dungeon)
  1812 | D:3      | Became a worshipper of Vehumet
  1858 | D:3      | Learned a level 1 spell: Magic Dart
  1878 | D:3      | Reached skill level 4 in Spellcasting
  2337 | D:3      | Reached XP level 5. HP: 28/28 MP: 8/13
  2925 | D:3      | Reached * piety under Vehumet
  2925 | D:3      | Offered knowledge of Shock by Vehumet.
  3262 | D:4      | Noticed an ogre
  3268 | D:4      | Killed an ogre
  3268 | D:4      | Reached skill level 5 in Spellcasting
  3268 | D:4      | Reached skill level 5 in Fire Magic
  3268 | D:4      | Reached XP level 6. HP: 32/32 MP: 6/15
  3347 | D:4      | Learned a level 1 spell: Shock
  4329 | D:4      | Reached XP level 7. HP: 37/37 MP: 11/17
  4421 | D:4      | Reached skill level 6 in Spellcasting
  4638 | D:5      | Entered Level 5 of the Dungeon
  4684 | D:5      | Found a staircase to the Ecumenical Temple.
  4717 | D:5      | Identified a +0 rod of shadows (12/12) (You found it on level 5 of the Dungeon)
  4727 | D:5      | Found Poesyb's Antique Weapon Shop.
  4760 | D:5      | Found a shattered altar of Ashenzari.
  5187 | D:5      | Offered knowledge of Searing Ray by Vehumet.
  5272 | D:5      | Reached ** piety under Vehumet
  5340 | D:5      | Reached skill level 7 in Spellcasting
  5356 | D:5      | Found a glowing golden altar of the Shining One.
  5525 | D:5      | Noticed Pikel
  5643 | D:5      | Reached skill level 1 in Fighting
  5779 | D:5      | Reached skill level 1 in Air Magic
  5848 | D:5      | Offered knowledge of Dazzling Spray by Vehumet.
  5938 | D:5      | Killed Pikel
  5938 | D:5      | Reached skill level 8 in Spellcasting
  5938 | D:5      | Reached skill level 5 in Conjurations
  5938 | D:5      | Reached XP level 8. HP: 43/43 MP: 15/22
  6047 | D:5      | Learned a level 5 spell: Fireball
  6240 | D:5      | Reached *** piety under Vehumet
  6240 | D:5      | Reached skill level 1 in Short Blades
  6520 | Temple   | Entered the Ecumenical Temple
  6686 | D:6      | Reached skill level 9 in Spellcasting
  6904 | D:6      | Found a bloodstained altar of Trog.
  7052 | D:6      | Reached XP level 9. HP: 47/47 MP: 19/24
  7307 | D:6      | Offered knowledge of Force Lance by Vehumet.
  7314 | D:6      | Learned a level 4 spell: Force Lance
  7433 | D:6      | Reached skill level 5 in Dodging
  7912 | D:7      | Reached skill level 10 in Spellcasting
  8028 | D:7      | Reached **** piety under Vehumet
  8291 | D:7      | Offered knowledge of Ignite Poison by Vehumet.
  8503 | D:7      | Noticed a hill giant
  8514 | D:7      | Killed a hill giant
  8647 | D:7      | Noticed Menkaure
  8649 | D:7      | Killed Menkaure
  8649 | D:7      | Reached XP level 10. HP: 53/53 MP: 21/26
  8890 | D:7      | Reached skill level 1 in Armour
  8955 | D:8      | Found Royblafa's Assorted Antiques.
  8971 | D:8      | Bought a runed hat for 96 gold pieces
  9262 | D:8      | Reached skill level 11 in Spellcasting
  9269 | D:8      | Found a staircase to the Lair.
  9722 | Lair:1   | Entered Level 1 of the Lair of Beasts
  9722 | Lair:1   | Found an opulent altar of Gozag.
  9791 | D:8      | HP: 1/53 [yak (10)]
 10076 | Lair:1   | Reached skill level 12 in Spellcasting
 10076 | Lair:1   | Reached skill level 1 in Translocations
 10421 | Lair:1   | Reached XP level 11. HP: 26/57 MP: 13/29
 10424 | Lair:1   | Reached ***** piety under Vehumet
 10424 | Lair:1   | Offered knowledge of Lightning Bolt by Vehumet.
 10528 | Lair:1   | Reached skill level 1 in Evocations
 10929 | Lair:1   | Learned a level 5 spell: Lightning Bolt
 11558 | Lair:2   | Reached skill level 13 in Spellcasting
 12301 | Lair:2   | Reached skill level 10 in Conjurations
 12753 | Lair:3   | Found a staircase to the Swamp.
 12776 | Lair:3   | HP: 1/57 [vampire mosquito (9)]
 12776 | Lair:3   | Slain by a vampire mosquito

Vault maps used:
D:1:      mushboom_english_gardens
D:2:      grunt_temple_overflow_order_and_chaos_2, grunt_pakellas_salt
D:3:      grunt_temple_overflow_magic_moments
D:4:      first_bread
D:5:      minmay_goblin_kobold_castle, old_standard_altar, tso_altar,
          minmay_temple_entry_junction2, serial_shops, shop,
          minmay_misc_feat_columns, uniq_pikel
D:6:      lemuel_coloured_pillars_altar
D:7:      uniq_menkaure
D:8:      dpeg_lair_monsters, serial_shops, shop
Temple:   temple_eino_lava_8
Lair:1:   lab_entry_generic, lemuel_centaur_altar, grunt_megastairs_1
Lair:2:   roderic_carrion_pond, infiniplex_staircase_pool
Lair:3:   minmay_swamp_entry_swarm, uniq_harold

Skill      XL: |  1  2  3  4  5  6  7  8  9 10 11 |
---------------+----------------------------------+-----
Fire Magic     | 4 5 6 8 9 |  9.8
Conjurations   | 2 3 5 6 7 9 10 | 10.5
Spellcasting   | 4 5 8 9 10 12 13 | 13.8
Dodging        | 3 4 5 6 7 |  7.6
Stealth        | 3 4 |  4.8
Fighting       | 1 2 |  2.3
Air Magic      | 1 2 3 |  3.6
Short Blades   | 1 2 |  2.0
Armour         | 2 3 |  3.4
Translocations | 1 2 |  2.2
Evocations     | 1 |  1.2

Action                   |  1- 3 |  4- 6 |  7- 9 | 10-12 || total
-------------------------+-------+-------+-------+-------++-------
Melee: Short sword       |     2 |     2 |       |       ||     4
       Dagger            |     1 |     4 |    59 |    81 ||   145
 Cast: Flame Tongue      |    61 |    65 |    47 |    31 ||   204
       Throw Flame       |     6 |    37 |    91 |    87 ||   221
       Sticky Flame      |       |     8 |    27 |    42 ||    77
       Shock             |       |     2 |    61 |    29 ||    92
       Fireball          |       |       |     6 |    21 ||    27
       Force Lance       |       |       |     2 |     8 ||    10
       Lightning Bolt    |       |       |       |    22 ||    22
Evoke: Wand              |       |       |     7 |     3 ||    10
  Use: Scroll            |     3 |     4 |     7 |     8 ||    22
       Potion            |       |       |     6 |     4 ||    10
 Stab: Sleeping          |       |       |     2 |     1 ||     3
  Eat: Chunk             |     2 |     6 |    16 |    17 ||    41
       Royal jelly       |       |     1 |       |       ||     1
       Beef jerky        |       |     1 |       |     1 ||     2
